AoeStats
← noob

Arena

504069742Analyzed
4v4 RM · 29d ago on Sep 3, 2026· 41m 20s· 8 players
Game mode
Random Map
Map size
Large (8 player)
Population
200
Speed
Normal
Resources
Standard
Victory
Conquest
Starting age
Dark Age
Ending age
Imperial Age
RankedLock teamsTeams togetherTeam positionsShared explorationLock speedFull tech treeHidden civsTurbo modeCheats
Victory
Defeat
🇺🇸 Italians · United States
1398
+14
🇩🇪 Huns · Germany
1379
+14
🇫🇷 Hindustanis · France
1373
+15
🇧🇪 Burmese · Belgium
1317
+17
🇦🇷 Burgundians · Argentina
1367
-16
🇻🇳 Persians · Vietnam
1360
-16
🇲🇦 Cumans · Morocco
1348
-15
🇲🇦 Celts · Morocco
1301
-13
La Apple
10:24 Feudal Age
14:01 Castle Age
12:27 Double-Bit Axe
12:37 Horse Collar
15:28 Bow Saw
16:05 Heavy Plow
21:24 Wheelbarrow
22:34 Gold Mining
24:10 Hand Cart
28:36 Imperial Age
26:10 Stone Mining
26:56 Gold Shaft Mining
26:33 Loom
27:13 Gambesons
27:28 Squires
26:49 Pikeman
27:15 Arson
28:32 Stone Shaft Mining
28:52 Fletching
29:13 Forging
29:09 Scale Barding Armor
29:05 Padded Archer Armor
29:06 Scale Mail Armor
29:08 Town Watch
28:51 Halberdier
30:37 Chemistry
29:58 Ballistics
29:31 Heavy Cavalry Archer
30:18 Thumb Ring
30:11 Bodkin Arrow
30:59 Conscription
31:14 Parthian Tactics
32:47 Two-Man Saw
32:00 Husbandry
32:11 Bloodlines
31:21 Heavy Camel Rider
33:56 Iron Casting
33:42 Chain Barding Armor
33:38 Leather Archer Armor
33:38 Chain Mail Armor
35:02 Plate Barding Armor
37:04 Cavalier
37:20 Elite War Elephant
40:46 Blast Furnace
40:17 Plate Mail Armor
40:17 Ring Archer Armor
Chim cu đi tắm
5:12 Double-Bit Axe
10:56 Feudal Age
10:08 Horse Collar
16:00 Castle Age
14:38 Heavy Plow
16:16 Bow Saw
22:07 Crop Rotation
22:36 Wheelbarrow
25:04 Two-Man Saw
24:12 Loom
24:32 Gold Mining
25:19 Scale Barding Armor
25:46 Husbandry
25:30 Cavalier
27:33 Hand Cart
31:59 Imperial Age
29:49 Scale Mail Armor
30:00 Forging
29:12 Pikeman
30:00 Squires
31:08 Chain Barding Armor
31:58 Gold Shaft Mining
32:32 Chain Mail Armor
32:57 Iron Casting
33:44 Plate Barding Armor
33:01 Paladin
35:32 Blast Furnace
36:43 Town Watch
Rock_Bottom
9:50 Feudal Age
10:26 Double-Bit Axe
10:22 Horse Collar
12:52 Wheelbarrow
19:41 Castle Age
18:03 Stone Mining
18:21 Gold Mining
24:01 Imperial Age
22:10 Fletching
23:01 Gold Shaft Mining
22:32 Elite Skirmisher
23:30 Bow Saw
23:35 Bodkin Arrow
25:18 Conscription
26:30 Padded Archer Armor
27:46 Chemistry
28:51 Leather Archer Armor
30:44 Masonry
30:51 Loom
31:22 Hand Cart
33:15 Two-Man Saw
34:18 Hoardings
36:03 Thumb Ring
36:31 Ring Archer Armor
36:22 Ballistics
[ALWM]jinikoro
11:39 Feudal Age
12:37 Double-Bit Axe
12:36 Horse Collar
16:38 Castle Age
17:17 Loom
19:08 Pikeman
noob
10:37 Feudal Age
14:55 Castle Age
13:26 Double-Bit Axe
14:46 Horse Collar
21:12 Stone Mining
22:08 Loom
23:00 Wheelbarrow
24:12 Scale Barding Armor
29:33 Imperial Age
27:10 Town Watch
27:32 Husbandry
27:43 Forging
28:03 Hand Cart
28:12 Bow Saw
28:32 Bloodlines
29:00 Chain Barding Armor
29:58 Iron Casting
31:28 Plate Barding Armor
31:34 Conscription
31:13 Elite Tarkan
31:57 Gold Mining
33:22 Blast Furnace
33:09 Fletching
34:33 Marauders
36:44 Atheism
LanaAio
10:45 Feudal Age
14:21 Castle Age
12:16 Horse Collar
16:00 Scale Barding Armor
23:04 Bloodlines
24:50 Forging
24:34 Loom
24:53 Heavy Plow
25:58 Husbandry
27:29 Wheelbarrow
31:13 Imperial Age
28:26 Pikeman
30:19 Sanctity
30:38 Squires
31:25 Scale Mail Armor
32:01 Iron Casting
31:28 Halberdier
31:55 Arson
32:26 Chain Mail Armor
31:35 Man-at-Arms
33:18 Fletching
34:47 Heavy Scorpion
36:10 Ballistics
39:11 Chemistry
38:40 Siege Engineers
39:45 Hand Cart
40:16 Conscription
40:44 Town Watch
41:31 Plate Mail Armor
40:57 Bodkin Arrow
Aei
10:03 Feudal Age
14:05 Castle Age
12:04 Double-Bit Axe
12:20 Horse Collar
14:56 Bow Saw
16:29 Wheelbarrow
18:42 Loom
18:46 Town Watch
20:49 Fervor
22:23 Heavy Plow
22:57 Gold Mining
25:15 Hand Cart
25:29 Fortified Wall
25:30 Masonry
26:09 Gold Shaft Mining
25:24 Stone Mining
27:38 Town Patrol
30:18 Imperial Age
30:06 Scale Barding Armor
30:12 Forging
30:51 Husbandry
31:02 Bloodlines
31:24 Chain Barding Armor
30:39 Heavy Camel Rider
31:00 Onager
31:48 Siege Engineers
33:37 Chemistry
32:39 Padded Archer Armor
35:18 Leather Archer Armor
37:00 Ring Archer Armor
37:06 Plate Barding Armor
37:04 Shatagni
37:25 Conscription
39:16 Two-Man Saw
39:44 Thumb Ring
39:49 Fletching
40:21 Ballistics
39:50 Imperial Camel Rider
trollano
10:23 Feudal Age
14:51 Castle Age
13:08 Double-Bit Axe
13:06 Horse Collar
20:59 Bow Saw
20:49 Fletching
22:37 Loom
23:48 Bodkin Arrow
25:51 Wheelbarrow
29:30 Imperial Age
27:31 Heavy Plow
27:51 Padded Archer Armor
28:09 Thumb Ring
28:21 Scale Barding Armor
27:44 Light Cavalry
29:16 Husbandry
29:26 Bloodlines
29:54 Chain Barding Armor
30:10 Forging
31:14 Chemistry
30:19 Bracer
30:19 Gold Mining
30:15 Elite Genoese Crossbowman
31:42 Leather Archer Armor
33:42 Chain Barding Armor
34:09 Forging
34:10 Hussar
35:23 Ballistics
36:21 Plate Barding Armor
37:56 Iron Casting
40:40 Blast Furnace
Connection lost

Rejoining the realm…

Still unreachable

The connection could not be restored.

Session expired

The server has moved on; the page needs a fresh start.